 Dungeon Crawl Stone Soup version 0.28.0-45-g0d030f2227 (webtiles) character file.

Game seed: 140823847587536471

2371 Iusername the Protected (level 9, -5/74 (79) HPs)
             Began as a Minotaur Fighter on Apr 6, 2022.
             Was a Follower of Dithmenos.
             Slain by a wight
             ... wielding a +3 halberd
              (6 damage)
             ... on level 7 of the Dungeon.
             The game lasted 00:19:32 (6967 turns).

Iusername the Protected (Minotaur Fighter)          Turns: 6967, Time: 00:19:32

HP:   -5/74 (79)    AC: 15    Str: 27    XL:     9   Next: 21%
MP:   8/8           EV:  7    Int:  7    God:    Dithmenos [*.....]
Gold: 193           SH:  5    Dex: 11    Spells: 8/8 levels left

rFire   . . .      SeeInvis .   d - +6 war axe of Virise {drain, rC+ rN+ Str+3 Int+2}
rCold   + . .      Faith    .   c - +0 buckler
rNeg    + + .      Spirit   .   i - +0 plate armour
rPois   .          Reflect  .   (helmet restricted)
rElec   .          Harm     .   (no cloak)
rCorr   .          Rampage  .   (no gloves)
Will    .....                   k - +0 pair of boots
Stlth   ..........              (no amulet)
HPRegen 0.22/turn               g - ring of positive energy
MPRegen 0.11/turn               (no ring)

@: wreathed by umbra, drained
A: horns 2, retaliatory headbutt
a: Renounce Religion


You were on level 7 of the Dungeon.
You worshipped Dithmenos.
Dithmenos was aware of your devotion.
You visited 2 branches of the dungeon, and saw 7 of its levels.

You collected 193 gold pieces.

Inventory:

Hand Weapons
 a - a +0 trident
 d - the +6 war axe of Virise (weapon) {drain, rC+ rN+ Str+3 Int+2}
   (You took it off an orc on level 5 of the Dungeon)

   A truly terrible weapon, it drains the life of any living foe it strikes.
   Str:       It affects your strength (+3).
   Int:       It affects your intelligence (+2).
   rC:        It protects you from cold.
   rN:        It protects you from negative energy.
Missiles
 e - a throwing net
Armour
 b - a +0 scale mail
 c - a +0 buckler (worn)
 i - a +0 plate armour (worn)
 j - a +1 robe of resistance
 k - a +0 pair of boots (worn)
 u - a +3 leather armour of fire resistance
Jewellery
 g - a ring of positive energy (left hand)
Wands
 f - a wand of iceblast (6) (quivered)
 s - a wand of polymorph (2)
 t - a wand of flame (17)
Scrolls
 h - a scroll of immolation
 l - 4 scrolls of teleportation
 q - a scroll of noise
 v - a scroll of blinking
Potions
 n - a potion of mutation {unknown}
 o - 2 potions of degeneration
 p - a potion of invisibility {unknown}
 r - a potion of cancellation {unknown}


   Skills:
 + Level 7.4 Fighting
 + Level 8.1(8.8) Axes
 + Level 5.3(7.4) Polearms
 + Level 8.9 Armour
 + Level 1.8 Dodging
 + Level 0.7 Stealth
 + Level 5.1 Shields


You had 8 spell levels left.
You didn't know any spells.
Your spell library contained the following spells:

 Spells                   Type           Power      Damage    Failure   Level
 Beastly Appendage        Tmut           0%         N/A       99%         1
 Sting                    Tmut/Pois      0%         1d3       99%         1
 Summon Small Mammal      Summ           0%         N/A       99%         1
 Blink                    Tloc           0%         N/A       100%        2
 Poisonous Vapours        Pois/Air       0%         N/A       100%        2
 Wereblood                Tmut           0%         N/A       100%        2
 Call Canine Familiar     Summ           0%         N/A       100%        3
 Lesser Beckoning         Tloc           0%         N/A       100%        3
 Spider Form              Tmut/Pois      0%         N/A       100%        3
 Summon Guardian Golem    Hex/Summ       0%         N/A       100%        3
 Olgreb's Toxic Radiance  Pois           0%         N/A       100%        4
 Manifold Assault         Tloc           0%         N/A       100%        5


Dungeon Overview and Level Annotations

Branches:
Dungeon (7/15)             Temple (1/1) D:6

Altars:
Ashenzari
Cheibriados
Dithmenos
Fedhas
Gozag
Hepliaklqana
Nemelex Xobeh
Okawaru
Ru
Sif Muna
Trog
Uskayaw
Wu Jian
Yredelemnul
Zin
The Shining One

Shops:
D:1 !


Innate Abilities, Weirdness & Mutations

You have a pair of horns on your head.
You reflexively headbutt those who attack you in melee.


Message History

A wight comes into view. It is wielding a +1 great sword.
You slash the wight!
You destroy the wight!
Dithmenos accepts your kill.
A wight comes into view. It is wielding a +0 falchion.
A wight comes into view.
It is wielding a +4 dagger and wearing a +2 robe of willpower.
You block the wight's attack.
The wight hits you from afar with a +3 halberd!
* * * LOW HITPOINT WARNING * * *
You partially resist.
You feel drained. The wight hits you with a +3 halberd.
* * * LOW HITPOINT WARNING * * *
You partially resist.
You feel drained. You block the wight's attack.
You slash the wight! Your headbutt misses the wight.
The wight is severely damaged.
You slash the wight! You closely miss the wight. The wight barely misses you.
You block the wight's attack. The wight completely misses you.
You furiously retaliate!
You headbutt the wight. You closely miss the wight.
The wight is severely damaged.
You closely miss the wight. x2; You hit the wight but do no damage.
The wight hits you but does no damage. The wight hits you with a +3 halberd.
* * * LOW HITPOINT WARNING * * *
You partially resist.
You feel drained. You block the wight's attack.
The wight hits you with a +4 dagger!
* * * LOW HITPOINT WARNING * * *
The wight hits you but does no damage.
You feel better. The wight hits you with a +3 halberd.
* * * LOW HITPOINT WARNING * * *
You partially resist.
You feel drained. The wight hits you with a +4 dagger.
* * * LOW HITPOINT WARNING * * *
You partially resist. The wight hits you but does no damage.
The wight hits you with a +0 falchion.
* * * LOW HITPOINT WARNING * * *
Blink to where?
Press: ? - help, Dir - move target
Okay, then.
Unknown command.
The wight hits you with a +3 halberd.
You die...

....... #..# ....... ###.#
.......####...#############
...........................
..........)................
.$.....)).†.)..............
###.....)..))#####.........
#....<.)...##............
#.......@z.##.........##.
#......zzz.#._........##.
#.......)................
#...........#.........##.
#...........############.
#########'#..............
#.#.....#######..
................ ..
..##.........


You could see 4 wights.

Vanquished Creatures
  Prince Ribbit (D:6)
  A wyvern (D:7)
  Duvessa (D:6)
  An ice beast (D:7)
  2 black bears
  An ogre (D:6)
  2 phantoms (D:4)
  A gnoll sergeant (D:6)
  2 bullfrogs
  A scorpion (D:5)
  Dowan (D:6)
  A water moccasin skeleton (D:6)
  5 wights (D:7)
  4 howler monkeys
  2 bullfrog zombies (D:6)
  2 hounds
  6 jellies
  A bullfrog skeleton (D:5)
  2 orc priests
  A gnoll shaman (D:7)
  An iguana (D:6)
  2 orc wizards (D:5)
  9 gnolls
  An adder (D:6)
  5 shadow imps
  2 ufetubi
  An adder zombie (D:5)
  A worm (D:4)
  A dart slug (D:4)
  19 orcs
  4 ball pythons
  3 bats
  4 endoplasms
  A giant cockroach (D:4)
  2 goblins
  5 hobgoblins
  2 jackals (D:1)
  A quokka (D:4)
  3 frilled lizards
  2 kobolds
  A rat (D:2)
108 creatures vanquished.

Notes
Turn   | Place    | Note
-------+----------+-------------------------------------------
     0 | D:1      | Iusername the Minotaur Fighter began the quest for the Orb.
     0 | D:1      | Reached XP level 1. HP: 19/19 MP: 0/0
    11 | D:1      | Found Lodogysm's Distillery.
   256 | D:1      | Reached XP level 2. HP: 27/27 MP: 1/1
   304 | D:1      | Found a faded altar of an unknown god.
  1122 | D:2      | You fall into a shaft and drop 2 floors!
  1126 | D:4      | Reached XP level 3. HP: 28/33 MP: 2/2
  1131 | D:4      | Reached XP level 4. HP: 16/40 MP: 3/3
  1553 | D:4      | Noticed a phantom
  1575 | D:4      | HP: 1/41 [phantom (2)]
  1580 | D:4      | Killed a phantom
  1581 | D:4      | Reached skill level 5 in Armour
  1581 | D:4      | Reached XP level 5. HP: 4/47 MP: 4/4
  2132 | D:4      | Noticed a phantom
  2137 | D:4      | Killed a phantom
  2138 | D:4      | Reached XP level 6. HP: 49/53 MP: 5/5
  2557 | D:4      | Found a shimmering blue altar of Sif Muna.
  2557 | D:4      | Found an ornate altar of the Wu Jian Council.
  2569 | D:4      | Found a snail-covered altar of Cheibriados.
  2693 | D:5      | Entered Level 5 of the Dungeon
  2699 | D:5      | Identified the +6 war axe of Virise {drain, rC+ rN+ Str+3
                  | Int+2}
  2703 | D:5      | Reached skill level 5 in Polearms
  2722 | D:5      | Reached skill level 1 in Dodging
  3814 | D:5      | Reached skill level 5 in Fighting
  3814 | D:5      | Reached XP level 7. HP: 60/61 MP: 6/6
  3910 | D:5      | Reached skill level 1 in Axes
  4225 | D:6      | Found a staircase to the Ecumenical Temple.
  4263 | Temple   | Entered the Ecumenical Temple
  4382 | Temple   | Became a worshipper of Dithmenos the Shadowed
  4417 | D:6      | Noticed Prince Ribbit
  4427 | D:6      | Killed Prince Ribbit
  4435 | D:6      | Reached XP level 8. HP: 21/70 MP: 7/7
  4964 | D:6      | Reached skill level 5 in Axes
  5424 | D:6      | Noticed Duvessa
  5424 | D:6      | Noticed Dowan
  5428 | D:6      | Killed Dowan
  5430 | D:6      | Killed Duvessa
  5430 | D:6      | Reached * piety under Dithmenos
  6270 | D:7      | Reached skill level 5 in Shields
  6703 | D:7      | Reached XP level 9. HP: 65/79 MP: 8/8
  6891 | D:7      | Found a glowing golden altar of the Shining One.
  6966 | D:7      | HP: 1/74 [wight/+0 falchion (5)]
  6967 | D:7      | Slain by a wight

Illustrated notes

Levels and vault maps discovered:
D:1:      mrwooster_arrival_arrow, layout_loops_ring,
          hellmonk_ecumenical_altar_prayer_group, serial_shops,
          nicolae_shop_trees
D:2:      layout_loops_ring
D:4:      layout_cave_pools, mainiacjoe_overflow_alcove_2,
          gammafunk_temple_overflow_elements, serial_column_ruins,
          column_ruins_open_small, column_ruins_columns_corner,
          column_ruins_corridor_straight, column_ruins_corridor_plus,
          column_ruins_corridor_corner
D:5:      layout_cave_pools
D:6:      layout_basic, minmay_temple_entry_drinking_statues, minmay_bent,
          uniq_duvessa, uniq_prince_ribbit1
D:7:      layout_basic, elyvilon_altar_3, overflow_temple_1_default,
          mainiacjoe_overflow_six_doors_small
Temple:   minmay_temple_bridge_abc

Skill      XL: |  1  2  3  4  5  6  7  8  9 |
---------------+----------------------------+-----
Shields        | 4 5 |  5.1
Armour         | 4 5 6 7 8 |  8.9
Fighting       | 4 5 7 |  7.4
Polearms       | 4 5 |  5.3
Dodging        | 1 |  1.8
Axes           | 3 7 8 |  8.1
Stealth        | |  0.7

Action                   |  1- 3 |  4- 6 |  7- 9 || total
-------------------------+-------+-------+-------++-------
Melee: Trident           |    49 |    61 |       ||   110
       Headbutt          |    10 |    10 |    15 ||    35
       War axe           |       |    15 |    95 ||   110
Evoke: Wand              |       |     1 |       ||     1
  Use: Potion            |     1 |     4 |     2 ||     7
       Scroll            |       |       |     5 ||     5
Armor: Scale mail        |    18 |    47 |       ||    65
       Plate armour      |       |     3 |    79 ||    82
Dodge: Dodged            |    33 |    42 |    64 ||   139
Block: Buckler           |    24 |    19 |    31 ||    74
